[Event "*** Titled Tuesday Blitz"]
[Site "Chess.com"]
[Date "2021.04.06"]
[Round "6"]
[White "woodhy"]
[Black "HanSchut"]
[Result "0-1"]
[WhiteElo "2417"]
[BlackElo "2275"]
[TimeControl "180+1"]
[EndTime "11:08:20 PDT"]
[Termination "HanSchut won by resignation"]

1. e4 c5 2. Nf3 d6 3. d4 cxd4 4. Nxd4 Nf6 5. f3 e5 6. Bb5+ Nbd7 7. Nf5 d5 8. exd5 a6 9. Bxd7+ Qxd7 10. Ne3 b5 11.
Nc3 Bb7 12. O-O Bc5 13. Kh1 Bd4 14. Ne4 Nxd5 15. Nxd5 Bxd5 16. Qe2 Bc4 17. Qe1 Bxf1 18. Qxf1 O-O 19. c3 f5 20. Ng5 Bc5 21. a4 Rad8 22.
axb5 Qd1 23. Be3 Qxf1+ 24. Rxf1 Bxe3 25. Ne6 axb5 26. Nxf8 Kxf8 27. Re1 f4 28. g3 Rd2 29. b3 Rc2 30. c4 bxc4 31. bxc4 Rc1 32. Rxc1 Bxc1 33.
gxf4 exf4 34. Kg2 Kf7 35. Kh3 Kf6 36. Kg4 g6 37. c5 h5+ 38. Kh4 Be3 39. c6 Bf2+ 40. Kh3 Bb6 41. Kh4 Kf5 42. Kh3 g5 43. Kg2 g4 44. h3 g3 45. Kh1 Ke6 46. Kg2 Kd6 47. h4 Kxc6 48. Kh3 Bd8 49. Kg2 Bxh4 50. Kh3 Bf6 51. Kg2 Kc5 52. Kh3 Kd4 53. Kg2 Ke3 54. Kh3 Bc3 55. Kg2 Ke2 56. Kg1 Kxf3 57. Kh1 Ke2 58.
Kg2 f3+ 59. Kh3 f2 60. Kh4 f1=Q 0-1

[Event "*** Titled Tuesday Blitz"]
[Site "Chess.com"]
[Date "2021.04.06"]
[Round "6"]
[White "Smirnov_Pavel"]
[Black "AlexPapasimakopoulos"]
[Result "0-1"]
[WhiteElo "2854"]
[BlackElo "2632"]
[TimeControl "180+1"]
[EndTime "11:08:21 PDT"]
[Termination "AlexPapasimakopoulos won by resignation"]

1. d4 f5 2. g3 Nf6 3. Bg2 g6 4. Nf3 Bg7 5. O-O O-O 6. c4 d6 7. Nc3 e6 8. Re1 Ne4 9. Qc2 Nxc3 10. Qxc3 Nc6 11. e4 Nxd4 12. Nxd4 c5 13. Be3 cxd4 14.
Bxd4 e5 15. Be3 f4 16. Bd2 Be6 17. Qd3 Qc7 18. b3 g5 19. Rad1 Rfd8 20. Bb4 Bf8 21. Bc3 Qc5 22. Qe2 Qc7 23. Rd3 a6 24. Red1 b5 25. cxb5 axb5 26. Bb4 Ra6 27. Rc3 Rc6 28. Rdc1 Rxc3 29. Rxc3 Qb6 30. Qh5 Be7 31. Bh3 Bf7 32.
Qd1 Qd4 33. Qxd4 exd4 34. Rc7 Kf8 35. gxf4 gxf4 36. Rc8 Rxc8 37. Bxc8 Be8 38. Kf1 Bc6 39. Bf5 d5 40. Bxe7+ Kxe7 41. e5 b4 42. Ke2 Bd7 43. Bxd7 Kxd7 44. Kd3 Ke6 45. Kxd4 f3 46. Kd3 Kxe5 47.
Ke3 h5 48. h3 h4 49. Kxf3 Kd4 50. Kg4 Kc3 51. f4 d4 52. f5 d3 53. f6 d2 54.
f7 d1=Q+ 0-1

[Event "*** Titled Tuesday Blitz"]
[Site "Chess.com"]
[Date "2021.04.06"]
[Round "6"]
[White "Mihnea2017"]
[Black "Magila31"]
[Result "0-1"]
[WhiteElo "2446"]
[BlackElo "2327"]
[TimeControl "180+1"]
[EndTime "11:08:21 PDT"]
[Termination "Magila31 won by checkmate"]

1. e4 g6 2. d4 Bg7 3. Nc3 d6 4. f4 a6 5. Nf3 Nd7 6. Bd3 b5 7. e5 Bb7 8. Be3 c5 9. Be4 Bxe4 10. Nxe4 cxd4 11. Bxd4 dxe5 12. fxe5 Nh6 13. e6 Nf6 14. Neg5 O-O 15. exf7+ Nxf7 16. Ne6 Qd5 17. Nxf8 Rxf8 18. Bxf6 Qe6+ 19. Qe2 Qxf6 20. c3 Nd6 21. O-O Nf5 22. Rae1 e5 23. Qxe5 Qb6+ 24. Kh1 Bxe5 25. Nxe5 Re8 26.
g4 Qc5 27. Nd7 Rxe1 28. Nxc5 Rxf1+ 29. Kg2 Ne3+ 30. Kg3 Rb1 31. Kf3 Nc4 32. b3 Nd6 33. Nxa6 Rb2 34. Nb4 Rxh2 35. Kg3 Rh1 36. Kg2 Rc1 37.
Nd5 Rc2+ 38. Kf3 Rxa2 39. Kf4 Ra3 40. b4 Kg7 41. g5 h6 42. gxh6+ Kxh6 43. Ke5 Nc4+ 44.
Kd4 Ra1 45. Kc5 Na3 46. Kd4 Kh5 47. Nf4+ Kh6 48. Ne2 g5 49. Ng3 g4 50. Ke5 Kg5 51.
Ne4+ Kh4 52. Kf4 Nc4 53. Ng3 Rc1 54. Ne2 Rc2 55. Ng3 Rf2+ 56. Ke4 Kxg3 57. Kd4 Na3 58. Ke3 Rf3+ 59. Kd4 Kf4 60. Kd5 g3 61. Ke6 Rxc3 62. Kd5 Rc4 63. Kd6 Rxb4 64. Kc5 Rb1 65.
Kd4 g2 66. Kd3 g1=Q 67. Kd2 Qe3# 0-1

[Event "*** Titled Tuesday Blitz"]
[Site "Chess.com"]
[Date "2021.04.06"]
[Round "6"]
[White "SkippingLaptop"]
[Black "aaaao"]
[Result "0-1"]
[WhiteElo "2105"]
[BlackElo "2602"]
[TimeControl "180+1"]
[EndTime "11:08:22 PDT"]
[Termination "aaaao won on time"]

1. c4 Nf6 2. d4 g6 3. Nc3 d5 4.
cxd5 Nxd5 5. e4 Nxc3 6. bxc3 Bg7 7. Bc4 c5 8. Ne2 O-O 9. Be3 a6 10. a4 Qc7 11. d5 Nd7 12. a5 b5 13. axb6 Nxb6 14. Bd3 e6 15. c4 exd5 16. exd5 Bg4 17. O-O Rfe8 18. h3 Bd7 19. Ra5 Rxe3 20. fxe3 Nxd5 21.
Qd2 Nxe3 22. Qxe3 Qxa5 23. Rxf7 Re8 24. Re7 Rxe7 25. Qxe7 Qc7 26. Be4 h6 27. Bxg6 Kh8 28. Nf4 Qc6 29. Nd5 Bd4+ 30. Kh1 Qxg6 31. Qxd7 Qb1+ 32. Kh2 Be5+ 33. g3 Qc2+ 0-1

[Event "*** Titled Tuesday Blitz"]
[Site "Chess.com"]
[Date "2021.04.06"]
[Round "6"]
[White "Stormeman100100"]
[Black "Susal_De_Silva"]
[Result "1-0"]
[WhiteElo "2537"]
[BlackElo "2673"]
[TimeControl "180+1"]
[EndTime "11:08:23 PDT"]
[Termination "Stormeman100100 won by checkmate"]

1. d4 Nf6 2. c4 e6 3. Nf3 b6 4.
g3 Bb7 5. Bg2 g6 6. O-O Bg7 7. b3 O-O 8. Bb2 d6 9. Nc3 Ne4 10. Qc2 Nxc3 11. Bxc3 f5 12. Rad1 Qe8 13. d5 e5 14. Ng5 Bc8 15. Ne6 Rf7 16. f4 Na6 17. e4 Rb8 18. exf5 gxf5 19. fxe5 dxe5 20. Rxf5 Bxe6 21. dxe6 Re7 22. Rdf1 Nc5 23. Bxe5 Nxe6 24. Bd5 Kh8 25. Qc3 Bxe5 26. Rxe5 Ng7 27. Rxe7 Qxe7 28.
Rf7 Qg5 29. h4 Qg4 30. Qf3 Qxf3 31. Rxf3 Re8 32. Kf2 Nh5 33. Rf7 c5 34. g4 Ng7 35.
h5 a5 36. h6 Ne6 37. Bxe6 Rxe6 38. Rf8# 1-0

[Event "*** Titled Tuesday Blitz"]
[Site "Chess.com"]
[Date "2021.04.06"]
[Round "6"]
[White "A-Fier"]
[Black "Fandorine"]
[Result "0-1"]
[WhiteElo "2716"]
[BlackElo "2900"]
[TimeControl "180+1"]
[EndTime "11:08:24 PDT"]
[Termination "Fandorine won by checkmate"]

1. d4 Nf6 2. c4 g6 3. g3 Bg7 4.
Bg2 O-O 5. Nc3 d6 6. Nf3 Nbd7 7. O-O e5 8. e4 exd4 9. Nxd4 Nc5 10. Re1 Re8 11. h3 Bd7 12. Kh2 h5 13. b3 a5 14. Bb2 h4 15. g4 g5 16. Qd2 Nh7 17. Kg1 a4 18. b4 a3 19. Bc1 Ne6 20. Nf5 Be5 21. Rb1 Nf4 22. Qc2 c6 23. Ne2 Nxg2 24. Kxg2 Bxf5 25. exf5 d5 26. Be3 d4 27. Rbd1 dxe3 28.
Rxd8 Raxd8 29. fxe3 Nf6 30. Ng1 Bg3 31. Re2 Kg7 32. e4 Nd7 33. Nf3 Bf4 34. Qc3+ Ne5 35.
Qxa3 Rd3 36. Qa7 Rxf3 37. Qxb7 Rg3+ 38. Kf1 Rd8 39. Qb6 Rf3+ 40. Kg2 Rd1 41. b5 Rg3+ 42.
Kh2 Rxg4# 0-1

[Event "*** Titled Tuesday Blitz"]
[Site "Chess.com"]
[Date "2021.04.06"]
[Round "6"]
[White "Ladislav1969"]
[Black "vrekhson"]
[Result "0-1"]
[WhiteElo "2337"]
[BlackElo "2221"]
[TimeControl "180+1"]
[EndTime "11:08:24 PDT"]
[Termination "vrekhson won on time"]

1. e4 e5 2. Bc4 Nc6 3. d3 Bc5 4. Nf3 Nf6 5. c3 d6 6. O-O a6 7.
Nbd2 h6 8. a4 O-O 9. Re1 Be6 10.
Bb3 Qd7 11. Bc2 b5 12. Nb3 Bb6 13. axb5 axb5 14. Rxa8 Rxa8 15. d4 exd4 16. Nbxd4 Nxd4 17. cxd4 Bg4 18. Be3 Ba5 19. Rf1 Qe6 20. h3 Bh5 21.
Qd3 Bxf3 22. gxf3 Qxh3 23. e5 Ne8 24. exd6 cxd6 25. Qh7+ Kf8 26. Qe4 Ra7 27. Ra1 Re7 28.
Qh7 Rxe3 29. fxe3 Qxf3 30. Qe4 Qg3+ 31. Kf1 Bd8 32. Ra8 Qh3+ 33. Qg2 Qxe3 34. Rxd8 Qc1+ 35. Kf2 Qxc2+ 36. Kg1 Qb1+ 37. Kh2 Qf5 38. Qe2 Qf4+ 0-1

[Event "*** Titled Tuesday Blitz"]
[Site "Chess.com"]
[Date "2021.04.06"]
[Round "6"]
[White "WonderChampion"]
[Black "Annagozel"]
[Result "0-1"]
[WhiteElo "2102"]
[BlackElo "1840"]
[TimeControl "180+1"]
[EndTime "11:08:24 PDT"]
[Termination "Annagozel won by resignation"]

1. d4 d5 2. Bg5 Nf6 3. Nd2 c6 4.
e3 Bf5 5. Ngf3 e6 6. c3 h6 7. Bxf6 Qxf6 8. Be2 Bd6 9. O-O Nd7 10. c4 g5 11. c5 Bc7 12. b4 h5 13. g3 h4 14.
Ne1 Qh6 15. g4 Bg6 16. h3 f5 17. f3 e5 18. Ng2 Qg7 19. Nb3 O-O 20. Rc1 Rae8 21.
a4 Nf6 22. b5 Bb8 23. bxc6 bxc6 24. Bd3 Qc7 25. Rf2 e4 26. Bb1 Qh2+ 27. Kf1 Qh1+ 28. Ke2 exf3+ 29. Kxf3 Qxd1+ 30. Rxd1 fxg4+ 31. Ke2 Bxb1 32. Rxb1 gxh3 33. Ne1 Ng4 34. Rxf8+ Kxf8 35. Nf3 Rxe3+ 36. Kd2 Rxf3 37. Na5 Rf2+ 38. Ke1 h2 39. Rxb8+ Ke7 40. Rb7+ Kf6 0-1

[Event "*** Titled Tuesday Blitz"]
[Site "Chess.com"]
[Date "2021.04.06"]
[Round "6"]
[White "TigrVShlyape"]
[Black "Fighter008"]
[Result "0-1"]
[WhiteElo "2797"]
[BlackElo "2620"]
[TimeControl "180+1"]
[EndTime "11:08:25 PDT"]
[Termination "Fighter008 won on time"]

1. d4 Nf6 2. Nf3 g6 3. c3 Bg7 4.
Bg5 h6 5. Bxf6 Bxf6 6. Nbd2 O-O 7. h4 d6 8. e3 Bg7 9. Bd3 f5 10.
e4 e5 11. dxe5 dxe5 12. Qe2 f4 13. O-O-O Qe7 14. h5 g5 15. Nh2 Nd7 16. g4 Nc5 17.
Bc4+ Kh8 18. f3 a5 19. Nb3 Ne6 20. Na1 c6 21. a3 b5 22. Ba2 b4 23. Nc2 Ba6 24. Bc4 Bb7 25. axb4 axb4 26. Nxb4 Nd4 27. Qf2 Qc5 28. Qf1 Rfd8 29. Kb1 Ra4 30. Ba2 Rda8 31. Qf2 Qa5 32. b3 Ra3 33. Qb2 Bf8 34. Rd2 Bxb4 35. cxb4 Qxb4 36. Rc1 Rxa2 37. Qxa2 Rxa2 38. Rxa2 Qxb3+ 39.
Rb2 Qd3+ 40. Ka2 Ba6 0-1

[Event "*** Titled Tuesday Blitz"]
[Site "Chess.com"]
[Date "2021.04.06"]
[Round "6"]
[White "Smile2005"]
[Black "GM_LOADING"]
[Result "0-1"]
[WhiteElo "2377"]
[BlackElo "2540"]
[TimeControl "180+1"]
[EndTime "11:08:25 PDT"]
[Termination "GM_LOADING won by checkmate"]

1. Nf3 Nf6 2. g3 d5 3. Bg2 c6 4. O-O Bg4 5. d3 Nbd7 6. Nbd2 e5 7. e4 dxe4 8. Nxe4 Nxe4 9. dxe4 Be7 10. c3 O-O 11. Qc2 Qc7 12. Be3 a5 13. a4 Bc5 14.
Bg5 h6 15. Bc1 Rad8 16. Nd2 Be2 17. Re1 Ba6 18. Bf1 Bxf1 19. Nxf1 Nf6 20. Ne3 Rd7 21.
Kg2 Rfd8 22. Nf5 Ng4 23. f3 Nf6 24. b3 Kh7 25. h3 Nh5 26. Rb1 Qb6 27. g4 Nf4+ 28.
Bxf4 exf4 29. Re2 g6 30. Nh4 Be7 31. Nxg6 fxg6 32. h4 Bc5 33. h5 Be3 34. e5 c5 35.
b4 Rd2 36. Qb3 Rxe2+ 37. Kh3 Qc7 38. Qe6 Qg7 39. hxg6+ Kh8 40. bxa5 Rf2 41. g5 Rxf3+ 42. Kg2 Rg3+ 43. Kh2 Rxg5 44. a6 Rxg6 45. Qh3 Rd2+ 46. Kh1 Rg1+ 47. Rxg1 Qxg1# 0-1

[Event "*** Titled Tuesday Blitz"]
[Site "Chess.com"]
[Date "2021.04.06"]
[Round "6"]
[White "Raud100"]
[Black "WPWPWP-2015"]
[Result "0-1"]
[WhiteElo "2271"]
[BlackElo "2442"]
[TimeControl "180+1"]
[EndTime "11:08:25 PDT"]
[Termination "WPWPWP-2015 won on time"]

1. d4 Nf6 2. c4 e6 3. Nf3 b6 4. g3 Ba6 5. Qa4 Bb7 6. Bg2 Be7 7. O-O O-O 8. Nc3 a6 9. Rd1 b5 10. cxb5 axb5 11. Qxb5 Bc6 12. Qb3 Na6 13. a3 Nb4 14. Bd2 Nbd5 15. Qc2 Nxc3 16. Bxc3 Qb8 17. Rdb1 Be4 18.
Qd1 Nd5 19. Rc1 Nxc3 20. Rxc3 Qxb2 21. Rxc7 Bxa3 22. Ne5 Bxg2 23. Kxg2 Qb6 24. Rc2 Bd6 25. Nf3 Rfb8 26. Rxa8 Rxa8 27. Qc1 Qd8 28. e4 h6 29. e5 Be7 30. Rc7 d6 31. Qc6 Rb8 32.
Rd7 Qf8 33. exd6 Bf6 34. Ne5 Rc8 35. Qb7 Rb8 36. Qc7 Rb2 37. Rxf7 Qa8+ 38. Nc6 Rc2 39. d5 Qa2 0-1

[Event "*** Titled Tuesday Blitz"]
[Site "Chess.com"]
[Date "2021.04.06"]
[Round "6"]
[White "hypert"]
[Black "Vincent_Vega95"]
[Result "1/2-1/2"]
[WhiteElo "2571"]
[BlackElo "2706"]
[TimeControl "180+1"]
[EndTime "11:08:27 PDT"]
[Termination "Game drawn by repetition"]

1. e4 c5 2. Nc3 e6 3. Nf3 d6 4.
d4 cxd4 5. Nxd4 a6 6. g4 Nc6 7. g5 Nge7 8. Nb3 b5 9. Be3 b4 10. Na4 Rb8 11. h4 d5 12. Nac5 dxe4 13. Qg4 Nf5 14. Qxe4 Qc7 15. Nxa6 Bxa6 16. Bxa6 Nxe3 17. Qxe3 Bd6 18. h5 Ne7 19. Rg1 Be5 20. Rd1 Bxb2 21. g6 hxg6 22. hxg6 Nxg6 23. Kf1 Nf4 24. Nc5 Rh3 25.
Rg3 Rh1+ 26. Rg1 Rxg1+ 27. Kxg1 Be5 28. Nd3 Nxd3 29. Qxd3 Kf8 30. Bc4 g6 31. Bb3 Kg7 32. Qd7 Qb6 33. Rd3 Rh8 34. Rf3 Bf6 35. Qd2 Rh5 36.
Qf4 Rf5 37. Qe4 Qd6 38. Rxf5 exf5 39. Qf3 Bd4 40. Kg2 Bc5 41. Qd5 Qe6 42. Qxe6 fxe6 43.
Bxe6 Kf6 44. Bb3 g5 45. f4 gxf4 46. Kf3 Ke5 47. Bc4 Bd6 48. Bd3 Bc5 49. Bc4 Bd6 50. Bd3 Bc5 51. Bc4 1/2-1/2

[Event "*** Titled Tuesday Blitz"]
[Site "Chess.com"]
[Date "2021.04.06"]
[Round "6"]
[White "Rozhkov_V"]
[Black "MarkoPe"]
[Result "1-0"]
[WhiteElo "2440"]
[BlackElo "2263"]
[TimeControl "180+1"]
[EndTime "11:08:27 PDT"]
[Termination "Rozhkov_V won on time"]

1. e4 c5 2. Nf3 d6 3. d4 cxd4 4. Nxd4 Nf6 5. Nc3 Bd7 6. Be3 e5 7. Nb3 Be7 8. f3 O-O 9. Qd2 a5 10. a4 Na6 11. g4 Nb4 12. h4 Be6 13. g5 Nh5 14. Nd5 Nxd5 15. exd5 Bf5 16. Bh3 Bxh3 17. Rxh3 f5 18. Rh2 Qc7 19. O-O-O b6 20. Qd3 Rac8 21. Qb5 Bd8 22. Kb1 Qc4 23. Qd7 g6 24. Qxd6 Ng7 25. Qxe5 Bc7 26. d6 Rfe8 27. Qf4 Bxd6 28. Rxd6 Qf1+ 29.
Ka2 Rc4 30. Rd4 Rec8 31. Rhd2 Ne6 32. Rxc4 Rxc4 33. Qb8+ Nf8 34. Qe8 Qxf3 35. Rd8 1-0

[Event "*** Titled Tuesday Blitz"]
[Site "Chess.com"]
[Date "2021.04.06"]
[Round "6"]
[White "Trickov"]
[Black "esrosenberg"]
[Result "1-0"]
[WhiteElo "2389"]
[BlackElo "2207"]
[TimeControl "180+1"]
[EndTime "11:08:27 PDT"]
[Termination "Trickov won by checkmate"]

1. d4 d5 2. Nf3 c6 3. g3 Bg4 4.
Bg2 Nd7 5. h3 Bf5 6. O-O e6 7.
c4 Ngf6 8. Nc3 Bd6 9. Nh4 Bg6 10. Qb3 b6 11. Nxg6 hxg6 12. e4 dxe4 13. Nxe4 Nxe4 14. Bxe4 Rxh3 15. Bxc6 Rc8 16. Bg2 Rh5 17. Be3 Qc7 18.
Rac1 Bxg3 19. fxg3 Qxg3 20. Bf4 Qh4 21. Qg3 Qf6 22. Be5 Qg5 23. Qxg5 Rxg5 24. Bxg7 Ke7 25. d5 exd5 26. Rce1+ Kd6 27. cxd5 f6 28. Bxf6 Nxf6 29. Rxf6+ Kc7 30. Rc1+ Kb8 31. Rxc8+ Kxc8 32. Kf2 Kd7 33.
Be4 Rg4 34. Kf3 Rg1 35. Rxg6 Rf1+ 36. Ke3 Re1+ 37. Kd4 Rf1 38. Ke5 Re1 39. Rg7+ Ke8 40. Rxa7 b5 41. b4 Re2 42. d6 Kd8 43. a4 bxa4 44.
Rxa4 Kd7 45. Ra7+ Kc8 46. b5 Kb8 47. b6 Kc8 48. b7+ Kd7 49. b8=Q# 1-0

[Event "*** Titled Tuesday Blitz"]
[Site "Chess.com"]
[Date "2021.04.06"]
[Round "6"]
[White "Redzishchess"]
[Black "FMalexhdez"]
[Result "1/2-1/2"]
[WhiteElo "2337"]
[BlackElo "2181"]
[TimeControl "180+1"]
[EndTime "11:08:27 PDT"]
[Termination "Game drawn by repetition"]

1. d4 Nf6 2. Bf4 d6 3. e3 g6 4. Nf3 Bg7 5. h3 O-O 6. Be2 c5 7. c3 b6 8. O-O Bb7 9. Nbd2 Nbd7 10. a4 a6 11. Bh2 Qc7 12. Qb3 Rab8 13. Rfd1 Rfc8 14. Ng5 Bd5 15. Bc4 Bxc4 16. Qxc4 Rf8 17. Qxa6 h6 18. Ngf3 e5 19. dxe5 Nxe5 20. Nxe5 dxe5 21.
Nc4 Ne4 22. f3 Ng5 23. e4 f5 24. exf5 Rxf5 25. Nd6 Nxh3+ 26. gxh3 Rxf3 27. Qc4+ Kh7 28. Qh4 Rbf8 29. Ne4 R8f4 30. Bxf4 Rxf4 31. Qe1 Qc6 32. Nf2 Qf3 33. Rd2 e4 34. Re2 Qg3+ 35. Kf1 Qxh3+ 36.
Kg1 Qg3+ 37. Kf1 Qh3+ 38. Kg1 Qg3+ 39. Kf1 Qh3+ 1/2-1/2

[Event "*** Titled Tuesday Blitz"]
[Site "Chess.com"]
[Date "2021.04.06"]
[Round "6"]
[White "suyu28"]
[Black "Izoria123"]
[Result "1-0"]
[WhiteElo "2620"]
[BlackElo "2795"]
[TimeControl "180+1"]
[EndTime "11:08:28 PDT"]
[Termination "suyu28 won on time"]

1. d4 Nf6 2. c4 e6 3. g3 c5 4. d5 exd5 5. cxd5 d6 6. Nc3 Be7 7. Bg2 O-O 8. Nf3 Re8 9. O-O Bf8 10. Nd2 Na6 11. e4 Nc7 12. a4 Rb8 13. Nc4 b6 14. Re1 a6 15. Bf4 b5 16. axb5 axb5 17. Na5 Bg4 18. Qd3 Bd7 19. Nc6 Bxc6 20. dxc6 c4 21. Qd2 Ne6 22. Be3 Qc8 23. Ba7 Ra8 24. Nxb5 Qxc6 25.
e5 Qxb5 26. exf6 Rad8 27. Ra5 Qd7 28. fxg7 Bxg7 29. Rd1 Qc7 30. Ra6 d5 31. Bb6 Qc6 32. Bxd5 Qb5 33. Bxd8 Qxa6 34. Ba5 Nd4 35. Bc3 Rd8 36. Qg5 Ne6 37. Qg4 h5 38. Qf3 1-0

[Event "*** Titled Tuesday Blitz"]
[Site "Chess.com"]
[Date "2021.04.06"]
[Round "6"]
[White "Das_Virus_2020"]
[Black "Cuajada_Zero"]
[Result "0-1"]
[WhiteElo "2439"]
[BlackElo "2322"]
[TimeControl "180+1"]
[EndTime "11:08:28 PDT"]
[Termination "Cuajada_Zero won on time"]

1. e4 c6 2. d4 d5 3. Nc3 dxe4 4. Nxe4 Nf6 5. Nxf6+ exf6 6. Be2 Bd6 7. Bf3 O-O 8.
Ne2 Re8 9. c4 Nd7 10. O-O Nf8 11. Be3 Ng6 12. Nc3 a6 13. c5 Bf4 14. Qd2 Bc7 15. g3 Bh3 16. Rfe1 f5 17. Ne2 Bg4 18.
Bxg4 fxg4 19. Nf4 Bxf4 20. Bxf4 Qd5 21. b4 Rad8 22. Bd6 f6 23. Re3 Kf7 24. Rae1 Rxe3 25. Rxe3 Re8 26. a3 Rxe3 27. Qxe3 Qe6 28. Qd2 Qe4 29. a4 Qb1+ 30. Kg2 Qe4+ 31. Kg1 h5 32. Qa2+ Qe6 33. Qb2 h4 34. b5 axb5 35. axb5 h3 36.
bxc6 bxc6 37. Qb7+ Kg8 38. Qb8+ Kh7 0-1

[Event "*** Titled Tuesday Blitz"]
[Site "Chess.com"]
[Date "2021.04.06"]
[Round "6"]
[White "JoliyRoger"]
[Black "lacafi"]
[Result "1-0"]
[WhiteElo "2402"]
[BlackElo "2212"]
[TimeControl "180+1"]
[EndTime "11:08:28 PDT"]
[Termination "JoliyRoger won on time"]

1. d4 f5 2. Nf3 Nf6 3. g3 g6 4. Bg2 Bg7 5. b3 O-O 6. Bb2 d6 7. O-O c6 8. Nbd2 Qe8 9. Re1 Ne4 10. a4 Nd7 11. a5 Ndf6 12. h3 Rb8 13. Nc4 h6 14. e3 g5 15. Nh2 Qg6 16. Qe2 h5 17.
Kh1 Kf7 18. Rg1 Rh8 19. Nd2 Be6 20. c4 Rbg8 21. d5 Bd7 22. a6 b6 23. dxc6 Bxc6 24. Ndf3 h4 25. gxh4 gxh4 26. Nd4 Qh5 27. Qxh5+ Rxh5 28. Bxe4 Bxe4+ 29. f3 Ba8 30. Raf1 Bh6 31. Bc1 Rxg1+ 32.
Kxg1 e5 33. Nb5 Bc6 34. Nxd6+ Ke6 35. Nb5 e4 36. f4 Bf8 37. Nd4+ Kd7 38. Rd1 Kc7 39. Ne6+ 1-0

[Event "*** Titled Tuesday Blitz"]
[Site "Chess.com"]
[Date "2021.04.06"]
[Round "6"]
[White "blitzking1729"]
[Black "ChessWarrior7197"]
[Result "0-1"]
[WhiteElo "2624"]
[BlackElo "2911"]
[TimeControl "180+1"]
[EndTime "11:08:30 PDT"]
[Termination "ChessWarrior7197 won by checkmate"]

1. d4 Nf6 2. c4 e6 3. Nf3 b6 4. g3 Bb7 5. Bg2 Be7 6. O-O O-O 7.
Ne1 Bxg2 8. Nxg2 d5 9. cxd5 Qxd5 10. Nc3 Qb7 11. Bg5 Rd8 12. Bxf6 Bxf6 13. e3 c5 14. Qe2 cxd4 15. exd4 Nc6 16. Ne4 Bxd4 17. Rfd1 Rd7 18. Nf4 Rad8 19. Nh5 Ne5 20. h3 Kf8 21. Nf4 h6 22.
Re1 g5 23. Ng2 f5 24. Nf6 Nf3+ 25. Kh1 Bxf6 26. Qxe6 Rd6 27. Qxf5 Nxe1 28. Rxe1 Kg7 29. Kh2 Qd5 30. Qg4 Qd4 31. Qf3 Qd5 32. Qg4 Bd4 33.
Nh4 Rf6 34. f4 Bc5 35. Nf3 Qf5 36. fxg5 hxg5 37. Qxg5+ Qxg5 38. Nxg5 Rd2+ 39. Kh1 Rff2 40. Ne6+ Kf6 41. Nxc5 bxc5 42. Rc1 Rxb2 43. Kg1 Rfc2 44. Rf1+ Kg5 45. g4 Kh4 46. Rd1 Kxh3 47. g5 Rg2+ 48. Kf1 Kh2 49. Rd2 Rbxd2 50. Ke1 Rxa2 51. g6 Rxg6 52. Kd1 c4 53. Kc1 c3 54. Kd1 Rb2 55.
Kc1 a5 56. Kd1 a4 57. Kc1 a3 58. Kd1 Rbg2 59. Kc1 a2 60. Kd1 Rg1+ 61. Kc2 a1=Q 62. Kb3 Qb2+ 63. Kc4 c2 64. Kd3 c1=Q 65. Ke4 Qc4+ 66.
Kf3 R6g3# 0-1

[Event "*** Titled Tuesday Blitz"]
[Site "Chess.com"]
[Date "2021.04.06"]
[Round "6"]
[White "PchelkinVK"]
[Black "TooOldTooSlow70"]
[Result "0-1"]
[WhiteElo "2581"]
[BlackElo "2499"]
[TimeControl "180+1"]
[EndTime "11:08:30 PDT"]
[Termination "TooOldTooSlow70 won on time"]

1. e4 e5 2. Nc3 Nf6 3. f4 d5 4. fxe5 Nxe4 5. Nf3 Nc6 6. d3 Nxc3 7. bxc3 d4 8. Bg5 Be7 9. Bxe7 Qxe7 10. cxd4 Nxd4 11. Nxd4 Qb4+ 12. Qd2 Qxd4 13. Rb1 O-O 14.
Rb4 Qa1+ 15. Kf2 Qxe5 16. Be2 Qc5+ 17. d4 Qd6 18. Bf3 Rb8 19. Rhb1 b6 20. d5 Bf5 21. Rc4 Bd7 22. g3 Rfe8 23. Rf4 Re5 24. Kg2 Rbe8 25. Rf1 f6 26. Rf2 Bc8 27. c4 Re3 28. Bg4 Bxg4 29.
Rxg4 R8e4 30. Rxe4 Rxe4 31. Qd3 Qe5 32. a4 Re3 33.
Qf1 Qe4+ 34. Kh3 h5 35. Rf4 Qe5 36. Rf5 Qe8 37. Qf4 Re4 38. Qf3 Rxc4 39. Rxh5 Qd7+ 40. Kg2 Rc2+ 41. Kg1 Qe7 0-1

[Event "*** Titled Tuesday Blitz"]
[Site "Chess.com"]
[Date "2021.04.06"]
[Round "6"]
[White "Make_it_shine060"]
[Black "tandaleo"]
[Result "0-1"]
[WhiteElo "2210"]
[BlackElo "2402"]
[TimeControl "180+1"]
[EndTime "11:08:30 PDT"]
[Termination "tandaleo won on time"]

1. d4 Nf6 2. c4 g6 3. Nc3 d6 4. e4 Bg7 5. Nge2 O-O 6. Ng3 c5 7.
d5 a6 8. a4 e6 9. Be2 exd5 10.
cxd5 h5 11. h4 Ng4 12. Bg5 Bf6 13. Qd2 Re8 14. O-O Nd7 15. f4 Bxg5 16. hxg5 Nf8 17. e5 dxe5 18. Nce4 Nh7 19. f5 Bd7 20. Nd6 Qxg5 21.
Qxg5 Nxg5 22. Bxg4 hxg4 23. Nxe8 Rxe8 24. fxg6 fxg6 25. Rae1 Kg7 26. Ne4 Nxe4 27. Rxe4 Bf5 28. Rc4 b6 29. a5 Bd3 30. Rxg4 Bxf1 31. Kxf1 bxa5 32. Ra4 Rb8 33. Rxa5 Rxb2 34. Rxa6 Rd2 35. d6 c4 36. Rc6 Kf6 37. d7+ Kf5 0-1

[Event "*** Titled Tuesday Blitz"]
[Site "Chess.com"]
[Date "2021.04.06"]
[Round "6"]
[White "Byniolus"]
[Black "INDIAN-ELEPHANT"]
[Result "0-1"]
[WhiteElo "2872"]
[BlackElo "2718"]
[TimeControl "180+1"]
[EndTime "11:08:31 PDT"]
[Termination "INDIAN-ELEPHANT won by resignation"]

1. d4 Nf6 2. Nf3 e6 3. Bf4 b6 4.
e3 Bb7 5. h3 g6 6. Be2 Bg7 7.
O-O O-O 8. c3 d6 9. Bh2 Nbd7 10.
a4 a5 11. Nbd2 Ne4 12. Nxe4 Bxe4 13. Nd2 Bb7 14. Bf3 Bxf3 15. Qxf3 d5 16. c4 c6 17. Rac1 Qe7 18. Qe2 Rfc8 19. cxd5 exd5 20. Qd3 Qb4 21. b3 Bf8 22. Rc2 Bd6 23. Bxd6 Qxd6 24.
Rfc1 Rc7 25. e4 dxe4 26. Nxe4 Qd5 27. Qf3 Re8 28. Re2 Re6 29. Rce1 Qxd4 30. Ng5 Rf6 31. Re8+ Kg7 32. Qg3 Ra7 33. R1e7 b5 34. Ne4 Rf5 35. Nd6 Rf4 36. axb5 Qxd6 37. bxc6 Nf6 38. Rxa7 Nxe8 39. Qc3+ Qd4 40. Qxd4+ Rxd4 41. Re7 Kf8 42. Rd7 Rd6 43. c7 Rc6 44. Rd5 Nxc7 45. Rxa5 Ke7 46. Kh2 Rb6 47. Ra3 Nb5 48. Ra2 Nd4 49. Rd2 Nxb3 50. Re2+ Re6 51. f4 0-1

[Event "*** Titled Tuesday Blitz"]
[Site "Chess.com"]
[Date "2021.04.06"]
[Round "6"]
[White "oogee"]
[Black "ApoIogiA"]
[Result "1-0"]
[WhiteElo "2374"]
[BlackElo "2189"]
[TimeControl "180+1"]
[EndTime "11:08:31 PDT"]
[Termination "oogee won on time"]

1. d4 Nf6 2. c4 g6 3. Nc3 d5 4.
Bd2 c5 5. dxc5 d4 6. Nd5 Nxd5 7.
cxd5 Qxd5 8. Nf3 Bg7 9. Bc3 Nc6 10. e3 e5 11. b4 Be6 12. exd4 exd4 13. Bb2 O-O 14. a3 Rfe8 15. Be2 d3 16. Bxg7 dxe2 17.
Qxd5 Bxd5 18. Bh6 Bxf3 19. gxf3 Nd4 20. Be3 Nc2+ 21. Kxe2 Nxa1 22. Rxa1 Rad8 23. b5 Rc8 24. Rd1 Re5 25. Rd7 a6 26. Rxb7 axb5 27. Rxb5 Ra8 28. Rb3 Re6 29. Kd3 Rea6 30. Bc1 Ra4 31. Rc3 Kf8 32.
c6 Ke8 33. c7 Kd7 34. Be3 Rc8 35. Bd4 f5 36. Be5 Ke6 37. f4 Kd5 38. Kc2 Ke6 39. Kb3 Kd7 40. Rd3+ Ke6 41. Kxa4 1-0

[Event "*** Titled Tuesday Blitz"]
[Site "Chess.com"]
[Date "2021.04.06"]
[Round "6"]
[White "MITerryble"]
[Black "Aleksey_Sorokin"]
[Result "1-0"]
[WhiteElo "2914"]
[BlackElo "2791"]
[TimeControl "180+1"]
[EndTime "11:08:33 PDT"]
[Termination "MITerryble won by resignation"]

1. e4 c5 2. Nf3 d6 3. Bb5+ Nd7 4. d4 cxd4 5. Qxd4 a6 6. Bxd7+ Bxd7 7. Bg5 Rc8 8. O-O h6 9. Bh4 e5 10. Bxd8 exd4 11.
Bb6 Bb5 12. Re1 Rxc2 13. Bxd4 Re2 14. Nc3 Rxe1+ 15. Rxe1 Bc6 16. e5 Bxf3 17. exd6+ Kd7 18. gxf3 Nf6 19. Bxf6 gxf6 20. Ne4 f5 21. Ng3 Rg8 22. Kf1 f4 23. Ne4 Bg7 24. Rc1 b6 25. Rc7+ Ke6 26.
Re7+ Kd5 27. d7 Rd8 28. b3 Kc6 29. Rxf7 Rxd7 30. Rxf4 a5 31. Rg4 Kb5 32. a4+ Ka6 33. f4 Rf7 34. f5 Be5 35. f6 Kb7 36. Ke2 Kc6 37. f4 Ba1 38. Rg6 Kd5 39. Kd3 Rh7 40. h3 Rf7 41. Rxh6 Bb2 42. Rh5+ Kc6 43. Rf5 Kd7 44. Ng5 Rxf6 45. Rxf6 Bxf6 46. Ke4 Kd6 47. h4 Kc5 48. Kd3 Kb4 49. Kc2 b5 50. axb5 Kxb5 51.
h5 a4 52. bxa4+ Kxa4 53. Kd3 Kb5 54. Ke4 Kc6 55. Kf5 Bb2 56. Ke6 Bc1 57. h6 1-0